 Dungeon Crawl Stone Soup version 0.31.0-11-ge490571c62 (webtiles) character file.

Game seed: 12946103552392214773

51 qw the Shooter (level 3, -3/20 HPs)
             Began as a Deep Elf Hunter on Feb 3, 2024.
             Slain by Sigmund
             ... wielding a +0 scythe
              (8 damage)
             ... on level 3 of the Dungeon.
             The game lasted 00:00:21 (1355 turns).

qw the Shooter (Deep Elf Hunter)                    Turns: 1355, Time: 00:00:22

Health: -3/20      AC:  6    Str: 13 (15) XL:     3   Next: 57%
Magic:  5/5        EV: 11    Int: 11 (13) God:
Gold:   102        SH:  0    Dex: 19 (21) Spells: 2/2 levels left

rFire   . . .        a - +3 shortbow
rCold   . . .        (shield currently unavailable)
rNeg    . . .        e - +0 ring mail
rPois   .            (no helmet)
rElec   .            (no cloak)
rCorr   .            (no gloves)
SInv    .            d - +0 pair of boots of Indomitability {Str+5 Dex+3 Slay+2}
Will    .....        g - amulet of the acrobat Stlth
                     (no ring)
HPRegen 0.23/turn    (no ring)
MPRegen 0.09/turn

%: acrobat
@: confused, attractive
A: no striking features
a: no special abilities


You were on level 3 of the Dungeon.
You visited 1 branch of the dungeon, and saw 3 of its levels.

You collected 102 gold pieces.


   Skills:
 - Level 1.5 Fighting
 + Level 7.1 Ranged Weapons
 - Level 2.4 Dodging
 - Level 1.2 Stealth


You had 2 spell levels left.
You didn't know any spells.
Your spell library was empty.

Inventory:

Hand Weapons
 a - a +3 shortbow (weapon)
Armour
 d - the +0 pair of boots of Indomitability (worn) {Str+5 Dex+3 Slay+2}
   (You acquired it on level 2 of the Dungeon)

   Str+5:     It affects your strength (+5).
   Dex+3:     It affects your dexterity (+3).
   Slay+2:    It affects your accuracy & damage with ranged weapons and melee
   (+2).
 e - a +0 ring mail (worn)
Jewellery
 g - an amulet of the acrobat (around neck)
Potions
 b - 2 potions of haste
 i - 2 potions of heal wounds

Dungeon Overview and Level Annotations

Branches:
Dungeon (3/15)

Altars:

Annotations:
D:3 Sigmund


Message History

d - the +0 pair of boots of Indomitability {Str+5 Dex+3 Slay+2}
1325 ||| UPGRADING to +0 pair of boots of Indomitability {Str+5 Dex+3 Slay+2}.
You start putting on your armour.
You continue putting on the +0 pair of boots of Indomitability {Str+5 Dex+3 Slay+2}. x4
You finish putting on the +0 pair of boots of Indomitability {Str+5 Dex+3 Slay+2}.
You feel stronger.
You feel agile.
Done exploring.
1330 ||| DRINKING 2 inky potions.
It was a potion of attraction.
You feel attractive to monsters.
Done exploring.
1331 ||| DROPPING potion of attraction.
You drop a potion of attraction.
Done exploring.
What level of the Dungeon? (default 2, ? - help)
There is a stone staircase leading down here.
You climb downwards.
There is a stone staircase leading up here.
Waypoint 2 assigned to D:3.
Sigmund the Dreaded comes into view.
He is wielding a +0 scythe and wearing a +2 robe of willpower.
Sigmund gestures at you while chanting.
You are confused.
Sigmund is attracted toward you. Sigmund gestures at you while chanting.
The magic dart hits you! Sigmund casts a spell at you.
You resist with some effort. Sigmund completely misses you.
Sigmund completely misses you. Sigmund gestures at you while chanting.
You are more confused.
Sigmund misses you. Sigmund hits you with a +0 scythe.
Sigmund gestures wildly while chanting.
Sigmund flickers and vanishes!
Deactivating autopickup; reactivate with Ctrl-A.
You shoot an arrow. Something hits you.
You shoot an arrow. You shoot an arrow. Something hits you!
You die...

....# ....# .
....# .. ....#
... ....# ....
....#.#
.....#####{......
#.##.....@.......
#................
#.######<...#.###
+......# #....###
#....# .....#
...... #######


There were no monsters in sight!

Vanquished Creatures
  5 endoplasms (D:1)
  3 giant cockroaches
  2 goblins (D:2)
  7 hobgoblins
  3 kobolds
  6 quokkas
  5 ball pythons
  6 bats
  2 frilled lizards (D:1)
  4 rats
43 creatures vanquished.

Notes
Turn   | Place    | Note
-------+----------+-------------------------------------------
     0 | D:1      | qw the Deep Elf Hunter began the quest for the Orb.
     0 | D:1      | Reached XP level 1. HP: 12/12 MP: 3/3
     0 | D:1      | 0 ||| qw: Version: 0.3-a-155-g5e7d8dd
     0 | D:1      | 0 ||| qw: Game counter: 3523
     0 | D:1      | 0 ||| qw: Melee chars always use a shield: true
     0 | D:1      | 0 ||| qw: God list: Okawaru
     0 | D:1      | 0 ||| qw: Allow faded altars: false
     0 | D:1      | 0 ||| qw: Do Orc after clearing Dungeon:15 true
     0 | D:1      | 0 ||| qw: Do second Lair branch before Depths: true
     0 | D:1      | 0 ||| qw: Lair rune preference: random
     0 | D:1      | 0 ||| qw: Goals: Normal
     0 | D:1      | 0 ||| PLANNING D:1-11
    90 | D:1      | Reached XP level 2. HP: 16/16 MP: 4/4
    94 | D:1      | Reached skill level 6 in Ranged Weapons
   448 | D:1      | Reached XP level 3. HP: 20/20 MP: 5/5
   448 | D:1      | Found a faded altar of an unknown god.
   537 | D:1      | 537 ||| UPGRADING to +0 scale mail.
   547 | D:1      | 547 ||| DROPPING +0 leather armour.
   548 | D:1      | 548 ||| UPGRADING to +0 ring mail.
   558 | D:1      | 558 ||| DROPPING +0 scale mail.
   559 | D:1      | 559 ||| UPGRADING to amulet of the acrobat.
   564 | D:1      | 564 ||| READING scroll labelled GISAUZ CAKHE.
   565 | D:1      | 565 ||| READING 3 scrolls labelled MECOIBBI VIOLO.
   565 | D:1      | 565 ||| ENCHANTING +0 shortbow.
   566 | D:1      | 566 ||| READING 2 scrolls of enchant weapon.
   566 | D:1      | 566 ||| ENCHANTING +1 shortbow.
   567 | D:1      | 567 ||| READING scroll of enchant weapon.
   567 | D:1      | 567 ||| ENCHANTING +2 shortbow.
   568 | D:1      | 568 ||| READING scroll labelled TEPTAUNT ENARCH.
   569 | D:1      | 569 ||| DRINKING 2 ruby potions.
   570 | D:1      | 570 ||| DRINKING 2 dark potions.
   571 | D:1      | 571 ||| DROPPING scroll of butterflies.
   572 | D:1      | 572 ||| DROPPING potion of degeneration.
   847 | D:2      | Reached skill level 7 in Ranged Weapons
  1322 | D:2      | 1322 ||| READING scroll labelled ESYUWAETIO.
  1322 | D:2      | 1322 ||| IDENTIFYING 2 silvery potions
  1323 | D:2      | 1323 ||| READING scroll labelled DIULU GIRGHOGG.
  1323 | D:2      | Identified a scroll of acquirement
  1323 | D:2      | 1323 ||| ACQUIRING +0 pair of boots of Indomitability
                  | {Str+5 Dex+3 Slay+2}
  1323 | D:2      | Acquired the +0 pair of boots of Indomitability {Str+5
                  | Dex+3 Slay+2}
  1325 | D:2      | 1325 ||| UPGRADING to +0 pair of boots of Indomitability
                  | {Str+5 Dex+3 Slay+2}.
  1330 | D:2      | 1330 ||| DRINKING 2 inky potions.
  1331 | D:2      | 1331 ||| DROPPING potion of attraction.
  1342 | D:3      | Noticed Sigmund
  1353 | D:3      | HP: 4/20 [something (3)]
  1355 | D:3      | Slain by Sigmund

Levels and vault maps discovered:
D:1:      dpeg_arrival_round_a, layout_rooms,
          shapermc_ecumenical_altar_flowoftime
D:2:      layout_basic, minmay_box_of_dots
D:3:      layout_basic, nicolae_overflow_hidden_temple, uniq_sigmund,
          uniq_natasha

Skill      XL: |  1  2  3 |
---------------+----------+-----
Ranged Weapons | 6 7 |  7.1
Fighting       | |  1.5
Dodging        | |  2.4
Stealth        | |  1.2

Action                     || total
---------------------------++-------
   Fire: Shortbow          ||    94
    Use: Scroll            ||     7
         Potion            ||     3
 Armour: Leather armour    ||     5
         Ring mail         ||     9
  Dodge: Dodged            ||    23

Table legend:
 A = Non-vault XP
 B = Vault XP
 C = Vault XP percentage of total XP
 D = Non-vault monster count
 E = Vault monster count
 F = Vault count percentage of total count
                 A         B        C        D         E       F
            +---------+---------+-------+---------+---------+-------
      Total |      70 |       3 |   4.1 |      41 |       2 |   4.7
            +---------+---------+-------+---------+---------+-------
        D:1 |      41 |       0 |   0.0 |      25 |       0 |   0.0
        D:2 |      29 |       3 |   9.4 |      16 |       2 |  11.1
            +---------+---------+-------+---------+---------+-------
